 Dungeon Crawl Stone Soup version 0.27-a0-1312-g5cdb2b3542 (webtiles) character file.

Game seed: 9050925106087571083

105847 Sobieck the Spry (level 15, -7/81 HPs)
             Began as a Spriggan Berserker on June 19, 2021.
             Was the Champion of Trog.
             Mangled by Donald (19 damage)
             ... on level 2 of the Orcish Mines.
             The game lasted 01:18:07 (27341 turns).

Sobieck the Spry (Spriggan Berserker)              Turns: 27341, Time: 01:18:07

Health: -7/81      AC: 13    Str: 17    XL:     15   Next: 95%
Magic:  16/16      EV: 32    Int: 11    God:    Trog [******]
Gold:   2371       SH: 13    Dex: 15    Spells: 14/14 levels left

rFire    . . .     SeeInvis +   a - +6 scimitar (freeze) {long}
rCold    . . .     Faith    .   s - +0 buckler
rNeg     . . .     Spirit   .   J - +2 troll leather armour
rPois    .         Reflect  +   (helmet restricted)
rElec    .         Harm     .   S - +1 cloak
rCorr    .         Rampage  .   (gloves unavailable)
Will     ++...                  (boots unavailable)
Stlth    +.........             Q - amulet of reflection
HPRegen  1.23/turn              l - +4 ring of protection
MPRegen  0.15/turn              m - +4 ring of evasion

@: lethally poisoned (-7 -> -7), on berserk cooldown, slowed, quick
A: very small, no large weapons, unfitting armour, see invisible, speed 3
a: Renounce Religion, Berserk, Trog's Hand, Brothers in Arms


You were on level 2 of the Orcish Mines.
You worshipped Trog.
Trog was exalted by your worship.
You visited 3 branches of the dungeon, and saw 23 of its levels.
You visited the Abyss 1 time.
You also visited: Bailey.

You collected 2640 gold pieces.
You spent 269 gold pieces at shops.


Innate Abilities, Weirdness & Mutations

You are very small and have problems with some larger weapons.
You are too small for most types of armour.
You have supernaturally acute eyesight. (SInv)
You cover ground extremely quickly. (Speed+++)


   Skills:
 + Level 10.9 Fighting
 - Level 14.0 Long Blades
 + Level 8.3 Armour
 + Level 18.4 Dodging
 - Level 7.2 Shields


You had 14 spell levels left.
You didn't know any spells.
Your spell library contained the following spells:

 Spells                   Type           Power      Damage    Failure   Level
 Sting                    Tmut/Pois      0%         1d3       38%         1
 Summon Small Mammal      Summ           0%         N/A       38%         1
 Call Imp                 Summ           0%         N/A       52%         2
 Poisonous Vapours        Pois/Air       0%         N/A       52%         2
 Call Canine Familiar     Summ           0%         N/A       77%         3
 Confusing Touch          Hex            0%         N/A       77%         3
 Gell's Gravitas          Tloc           0%         N/A       77%         3
 Ignite Poison            Fire/Tmut/Pois 0%         N/A       77%         3
 Mephitic Cloud           Conj/Pois/Air  0%         N/A       77%         3
 Summon Guardian Golem    Hex/Summ       0%         N/A       77%         3
 Animate Dead             Necr           0%         N/A       99%         4
 Olgreb's Toxic Radiance  Pois           0%         N/A       99%         4
 Petrify                  Tmut/Erth      0%         N/A       99%         4
 Summon Ice Beast         Ice/Summ       0%         N/A       99%         4
 Summon Lightning Spire   Summ/Air       0%         N/A       99%         4
 Blade Hands              Tmut           0%         N/A       100%        5
 Borgnjor's Vile Clutch   Necr/Erth      0%         N/A       100%        5
 Irradiate                Conj/Tmut      0%         3d14      100%        5
 Metabolic Englaciation   Hex/Ice        0%         N/A       100%        5
 Yara's Violent Unravell  Hex/Tmut       0%         3d3       100%        5
 Death Channel            Necr           0%         N/A       100%        6
 Simulacrum               Ice/Necr       0%         N/A       100%        6
 Statue Form              Tmut/Erth      0%         N/A       100%        6
 Dragon Form              Tmut           0%         N/A       100%        7
 Storm Form               Tmut/Air       0%         N/A       100%        7

Inventory:

Hand Weapons
 a - a +6 scimitar of freezing (weapon) {long}
   (You took it off a wight on level 8 of the Dungeon)
 b - a +0 hand crossbow of venom {crossbow}
   (You took it off a kobold on level 4 of the Dungeon)
 o - a +9 antimagic falchion {long}
   (Trog gifted it to you on level 6 of the Lair of Beasts)
 H - a +4 scimitar of flaming {long}
   (You took it off Azrael on level 2 of the Orcish Mines)
Missiles
 e - a throwing net {=f!fthrowing}
 f - 76 bolts
 j - 59 poisoned darts {throwing}
 q - 24 boomerangs {throwing}
 u - 2 silver boomerangs {throwing}
 G - 5 boomerangs of dispersal {=f!fthrowing}
 I - a curare-tipped dart {=fthrowing}
 O - 15 atropa-tipped darts {throwing}
Armour
 s - a +0 buckler (worn)
   (You found it on level 5 of the Dungeon)
 J - a +2 troll leather armour (worn)
   (You found it on level 10 of the Dungeon)
 S - a +1 cloak (worn)
   (You bought it in a shop on level 2 of the Orcish Mines)
Jewellery
 i - a ring of resist corrosion
   (You found it on level 1 of the Dungeon)
 k - a ring of willpower
   (You found it on level 2 of the Dungeon)
 l - a +4 ring of protection (left hand)
   (You found it on level 2 of the Dungeon)
 m - a +4 ring of evasion (right hand)
   (You found it on level 3 of the Dungeon)
 r - a +4 ring of evasion
   (You took it off a deep elf zephyrmancer on level 13 of the Dungeon)
 L - a ring of poison resistance
   (You found it on level 9 of the Dungeon)
 P - the ring of Voggyhon {rElec rC+ Will+}
   (You found it on level 6 of the Dungeon)

   [ring of willpower]

   It protects you from cold.
   It insulates you from electricity.
   It increases your willpower.
 Q - an amulet of reflection (around neck)
   (You found it on level 8 of the Dungeon)
Wands
 t - a wand of paralysis (28)
   (You found it on level 10 of the Dungeon)
 A - a wand of iceblast (31)
   (You found it on level 7 of the Dungeon)
 B - a wand of mindburst (11)
   (You took it off Ijyb on level 4 of the Dungeon)
 E - a wand of flame (34)
   (You found it on level 5 of the Dungeon)
 K - a wand of digging (12)
   (You found it on level 1 of the Lair of Beasts)
 R - a wand of acid (16)
   (You found it on level 7 of the Dungeon)
 V - a wand of charming (4)
   (You took it off Maurice on level 9 of the Dungeon)
 Z - a wand of polymorph (5)
   (You found it on level 10 of the Dungeon)
Scrolls
 g - a scroll of silence {!r}
 h - a scroll of holy word
 v - 13 scrolls of identify {@r1}
 y - a scroll of immolation {!r!r}
 F - 2 scrolls of blinking {!r}
 M - 3 scrolls of fog
 T - 13 scrolls of teleportation {@r4}
 U - 2 scrolls of fear
 W - 2 scrolls of magic mapping {!r}
Potions
 c - 6 potions of flight
 d - 3 potions of heal wounds {@q2}
 n - a potion of lignification {!q}
 p - 8 potions of ambrosia
 x - 2 potions of haste {@q3}
 z - 2 potions of invisibility
 C - 2 potions of resistance
 D - 3 potions of cancellation
 N - 2 potions of mutation {!q}
 X - 3 potions of might
 Y - 12 potions of curing {@q1}
Miscellaneous
 w - a lightning rod (4/4)
   (You found it on level 13 of the Dungeon)

Dungeon Overview and Level Annotations

Branches:
Dungeon (15/15)            Temple (0/1) D:6            Lair (6/6) D:9
  Swamp (0/4) Lair:3        Snake (0/4) Lair:2        Slime (0/5) Lair:5
    Orc (2/2) D:10            Elf (0/3) Orc:2        Vaults (0/5) D:13
 Bailey (visited)
 Depths: D:15

Altars:
Elyvilon
Fedhas
Hepliaklqana
Makhleb
Okawaru
Qazlal
Uskayaw
Wu Jian
Yredelemnul
The Shining One
Beogh
Jiyva

Shops:
D:7 *   Orc:2 =*=([

Annotations:
D:5 exclusion: downstairs
D:6 Hydra
D:10 1 runed translucent door
Lair:6 1 runed translucent door
Orc:2 Donald

#######................8......
##.............#####)...
##...#......#.#.##.....
##...[.......#.##...#.. ##
#...#.......####...##..
#.#...#.#..)##.### #...###..
#.....#####[).##.####∩.####8.
.......#..#.......#.####..#..
#...........@................ #
........................#....
..#...........@.......#.....##...
..... #..............#......##.#
..(..###......................###
....#..........................#
#.............................##
.............................##
...#........................#.##


You could see Donald (fast, strong).


Message History

The bolt completely misses you.
Donald casts a spell.
Donald seems to grow stronger.
Donald says, "Why would someone put a sword in a little box?"
Your +0 hand crossbow of venom {crossbow} stops dripping with poison.
Your +6 scimitar of freezing {long} glows with a cold blue light!
a - a +6 scimitar of freezing (weapon)
{long} A red film seems to cover your vision as you go berserk!
You feel yourself moving faster!
You feel mighty! You block Donald's attack. 😎 HP[+40]
You now have 121 max hp (+40).
Your hp is fully restored (121).
Donald blocks your attack. You block Donald's attack.
Donald blocks your attack.
You hit Donald but do no damage.
Donald hits you with a +3 demon trident of venom.
You are poisoned. 😕 HP[-5]
You take 5 damage, and now have 116/121 hp.
Donald blocks your attack.
You feel sick.
You barely miss Donald.
You feel sick. Donald completely misses you. 😕 HP[-1]
You take 1 damage, and now have 115/121 hp.
Unknown command.
Donald blocks your attack. Donald blocks your attack.
You feel sick.
Donald casts a spell.
Donald seems to speed up.
You completely miss Donald.
You feel sick. 😕 HP[-1]
You take 1 damage, and now have 114/121 hp.
You hit Donald.
You feel sick.
Donald hits you with a +3 demon trident of venom!!
You are more poisoned. 😕 HP[-19]
You take 19 damage, and now have 95/121 hp.
You hit Donald.
You feel very sick.
Donald hits you with a +3 demon trident of venom!!
You are more poisoned. 😮 HP[-28]
You take 28 damage, and now have 67/121 hp.
MASSIVE DAMAGE!! (PAUSE)
You slash Donald! You freeze Donald.
You feel very sick. Donald completely misses you.
You riposte.
Donald blocks your attack. 😮 HP[-5]
You take 5 damage, and now have 62/121 hp.
Donald blocks your attack.
You feel very sick. 😨 HP[-5]
You take 5 damage, and now have 57/121 hp.
Unknown command.
You feel very sick.
Donald says, "What do they mine anyway?
I've never seen them mine anything."
Donald misses you. 😨 HP[-5]
You take 5 damage, and now have 52/121 hp.
You feel a strong urge to attack something.
You feel very sick. 😨 HP[-3]
You take 3 damage, and now have 49/121 hp.
You are no longer berserk.
You are exhausted.
You feel yourself slow down.
You feel very sick. 😨 HP[-19]
You now have 81 max hp (-40).
* * * LOW HITPOINT WARNING * * *
You feel extremely sick. 😨 HP[-7]
You take 7 damage, and now have 23/81 hp.
You feel very sick. 😱 HP[-4]
You take 4 damage, and now have 19/81 hp.
You feel very sick. 😱 HP[-4]
You take 4 damage, and now have 15/81 hp.
You feel very sick. You block Donald's attack. 😱 HP[-3]
You take 3 damage, and now have 12/81 hp.
You feel very sick. 😱 HP[-1]
You take 1 damage, and now have 11/81 hp.
You feel very sick. 😱 HP[-2]
You take 2 damage, and now have 9/81 hp.
You feel sick. You block Donald's attack. 😱 HP[-1]
You take 1 damage, and now have 8/81 hp.
You feel sick. 😱 HP[-1]
You take 1 damage, and now have 7/81 hp.
You feel sick.
You feel much better.
You feel sick.
Donald hits you from afar with a +3 demon trident of venom!!
* * * LOW HITPOINT WARNING * * *
Donald completely misses you.
Donald hits you from afar with a +3 demon trident of venom!!
You die...

Skill      XL: |  1  2  3  4  5  6  7  8  9 10 11 12 13 14 15 |
---------------+----------------------------------------------+-----
Dodging        | 5 6 7 8 9 11 12 14 15 16 18 | 18.4
Fighting       | 3 4 5 6 7 9 10 | 10.9
Long Blades    | 3 4 5 6 7 10 13 14 | 14.0
Shields        | 2 3 5 7 |  7.2
Armour         | 3 6 8 |  8.3

Action                   |  1- 3 |  4- 6 |  7- 9 | 10-12 | 13-15 || total
-------------------------+-------+-------+-------+-------+-------++-------
Melee: Falchion          |    93 |   172 |       |       |     1 ||   266
       Long sword        |       |    21 |   501 |     3 |       ||   525
       Scimitar          |       |       |       |   542 |  1374 ||  1916
 Fire: Hand crossbow     |       |    14 |    95 |   136 |   383 ||   628
Invok: Berserk           |     3 |     7 |    14 |    15 |    31 ||    70
       Trog's Hand       |       |       |       |       |     2 ||     2
       Brothers in Arms  |       |       |       |       |     1 ||     1
Evoke: Wand              |       |       |     5 |       |     3 ||     8
  Use: Scroll            |     3 |     4 |     3 |    14 |     5 ||    29
       Potion            |       |     3 |       |       |     3 ||     6
 Stab: Sleeping          |     1 |       |     1 |       |       ||     2
       Petrified         |       |       |       |       |     6 ||     6
       Petrifying        |       |       |       |       |     1 ||     1
Armor: Animal skin       |    11 |    18 |       |       |       ||    29
       Steam dragon scal |       |     5 |    60 |    12 |       ||    77
       Troll leather arm |       |       |       |    30 |   101 ||   131
Dodge: Dodged            |    90 |   214 |   511 |   439 |   925 ||  2179
Block: Buckler           |       |       |   134 |   307 |   669 ||  1110
       Reflection        |       |       |       |    26 |    15 ||    41
       Rpst.: Falchion   |    24 |    45 |       |       |       ||    69
       Long sword        |       |    10 |   142 |       |       ||   152
       Scimitar          |       |       |       |    94 |   240 ||   334

Levels and vault maps discovered:
D:1:      pf_arrival_petrified_forest, layout_basic,
          hellmonk_ecumenical_altar_arch_garden, minmay_shallow_snake_nest
D:2:      layout_basic, kennysheep_generic_room_12, uniq_terence, uniq_robin
D:3:      cheibrodos_pilgrimage, layout_basic, lemuel_coloured_pillars_altar,
          gammafunk_temple_overflow_wave, lemuel_crystal_altar
D:4:      layout_loops_corners, marbit_many_paths, enter_ossuary_1, minmay_bent,
          uniq_ijyb
D:5:      layout_rooms, lightli_church_of_beogh
D:6:      layout_rooms, lemuel_temple_firewalk_a, uniq_pikel
D:7:      layout_loops_ring, amcnicky_altar_gilded, serial_shops, shop,
          kennysheep_generic_room_7
D:8:      layout_basic, nzn_hepliaklqana_mist_gate, uniq_erica
D:9:      layout_big_octagon, fedhas_altar_2, david_lair_generic,
          roderic_batcave, uniq_maurice, uniq_grum
D:10:     layout_roguey, overflow_temple_1_default, david_orc_2,
          minmay_st_funbox
D:11:     layout_basic, nicolae_wu_jian_immortal_techniques
D:12:     nzn_winding_woodlands_small [nzn_winding_woodlands_5x15_split_checker,
          nzn_winding_woodlands_center_garden,
          nzn_winding_woodlands_5x15_lazy_stream], layout_small_grid,
          enter_bailey_5
D:13:     layout_rooms, david_vaults_4, serial_shops, shop, minivault_16,
          kennysheep_kite_vault, uniq_kirke
D:14:     layout_irregular_city, minmay_misc_feat_x,
          amcnicky_mini_corridor_feature, nicolae_qazlal_eye_of_the_storm,
          uniq_louise
D:15:     gammafunk_depths_entry_grave, layout_cave_pools, elyvilon_altar_5,
          special_room [special_room_orc]
Lair:1:   layout_loops_ring, lemuel_fruit_fields
Lair:2:   layout_cellular_growth, minmay_snake_entry_guardpost_small,
          guppyfry_lair_drakes, minmay_lair_oklob_chamber, grunt_megastairs_3,
          uniq_maggie
Lair:3:   layout_gridlike, skrybe_swamp_entry_bodies, serial_bayou_shore_a,
          lemuel_fruit_tree, uniq_rupert
Lair:4:   layout_cave_pods, beast_lair_carwin_6
Lair:5:   layout_roguey, dpeg_slime_entry_enclosed_altar
Lair:6:   hangedman_lair_in_review, layout_hall_layers, wormcave, st_stairs_4,
          uniq_snorg, uniq_nessos
Orc:1:    layout_diamond_mine, abandoned_shop, rock_pile
Orc:2:    grunt_orc_cross, layout_caves, serial_shops, shop,
          nicolae_orc_bridge_out, statue_in_the_mist_lemuel, uniq_donald,
          uniq_azrael

Notes
Turn   | Place    | Note
-------+----------+-------------------------------------------
     0 | D:1      | Sobieck the Spriggan Berserker began the quest for the Orb.
     0 | D:1      | Reached XP level 1. HP: 11/11 MP: 2/2
     0 | D:1      | magus.rc [v1.9.6]
   194 | D:1      | Reached XP level 2. HP: 16/16 MP: 3/3
   305 | D:2      | Noticed Terence
   775 | D:1      | Found a faded altar of an unknown god.
  1038 | D:2      | Reached XP level 3. HP: 11/19 MP: 4/4
  1276 | D:2      | Reached skill level 5 in Dodging
  1279 | D:2      | HP: 3/28 [worm (10)]
  1560 | D:2      | Killed Terence
  1675 | D:2      | Reached XP level 4. HP: 23/23 MP: 5/5
  1828 | D:2      | Reached ** piety under Trog
  1829 | D:2      | Reached skill level 3 in Fighting
  1849 | D:2      | Noticed Robin
  1859 | D:2      | Killed Robin
  1860 | D:2      | Reached skill level 3 in Long Blades
  2587 | D:2      | Reached skill level 6 in Dodging
  2589 | D:2      | HP: 6/24 [poisoned by an adder]
  2591 | D:2      | HP: 2/24 [poisoned by an adder]
  2992 | D:3      | Found a basalt altar of Yredelemnul.
  3178 | D:3      | Reached XP level 5. HP: 28/28 MP: 6/6
  3395 | D:3      | Reached *** piety under Trog
  3883 | D:3      | Found a hide-covered altar of Uskayaw.
  3985 | D:4      | Noticed a steam dragon
  3992 | D:4      | Killed a steam dragon
  3993 | D:4      | Reached skill level 7 in Dodging
  3993 | D:4      | Reached XP level 6. HP: 33/33 MP: 7/7
  4109 | D:5      | Entered Level 5 of the Dungeon
  4520 | D:4      | Reached skill level 4 in Fighting
  4520 | D:4      | Reached skill level 8 in Dodging
  4520 | D:4      | Reached XP level 7. HP: 37/37 MP: 8/8
  4523 | D:4      | Reached skill level 4 in Long Blades
  4592 | D:4      | Found an iron altar of Okawaru.
  4798 | D:4      | Noticed Ijyb
  4807 | D:4      | Killed Ijyb
  5195 | D:5      | Reached skill level 9 in Dodging
  5261 | D:5      | You pick up a book of Callings {forbidden} and begin
                  | reading...
  5261 | D:5      | You add the spells Summon Small Mammal, Call Imp, Call
                  | Canine Familiar, Summon Guardian Golem, Summon Lightning
                  | Spire and Summon Ice Beast to your library.
  5363 | D:6      | Reached XP level 8. HP: 42/42 MP: 9/9
  5425 | D:5      | Found a runed translucent door.
  5531 | D:5      | Reached **** piety under Trog
  5796 | D:5      | Reached skill level 10 in Dodging
  5796 | D:5      | Reached skill level 1 in Shields
  6171 | D:6      | Noticed Pikel
  6394 | D:6      | Killed Pikel
  6395 | D:6      | Reached skill level 5 in Fighting
  6395 | D:6      | Reached skill level 5 in Long Blades
  6395 | D:6      | Reached skill level 11 in Dodging
  6395 | D:6      | Reached skill level 2 in Shields
  6524 | D:6      | Reached XP level 9. HP: 47/47 MP: 10/10
  6754 | D:6      | Noticed a seven-headed hydra
  6833 | D:6      | Identified the ring of Voggyhon {rElec rC+ Will+}
  6930 | D:7      | Reached ***** piety under Trog
  7075 | D:7      | Found a burning altar of Makhleb.
  7203 | D:7      | Found Afeps's Assorted Antiques.
  7648 | D:8      | Reached skill level 12 in Dodging
  7649 | D:8      | Reached skill level 3 in Shields
  7899 | D:7      | Reached skill level 6 in Fighting
  7899 | D:7      | Reached skill level 6 in Long Blades
  8478 | D:8      | Reached XP level 10. HP: 53/53 MP: 11/11
  8599 | D:8      | Noticed Erica
  8612 | D:8      | Killed Erica
  8613 | D:8      | Reached skill level 13 in Dodging
  9077 | D:6      | Found a staircase to the Ecumenical Temple.
  9259 | D:8      | Found a hazy altar of Hepliaklqana.
  9345 | D:9      | Noticed Maurice
  9360 | D:9      | Killed Maurice
  9361 | D:9      | Reached skill level 4 in Shields
  9481 | D:10     | Entered Level 10 of the Dungeon
  9526 | D:9      | Noticed a two-headed ogre
  9536 | D:9      | Killed a two-headed ogre
  9537 | D:9      | Reached skill level 7 in Long Blades
  9537 | D:9      | Reached skill level 14 in Dodging
  9830 | D:9      | Noticed Grum
  9837 | D:9      | Reached skill level 5 in Shields
  9843 | D:9      | Killed Grum
  9846 | D:9      | Found a blossoming altar of Fedhas.
  9982 | D:9      | Noticed a two-headed ogre
  9997 | D:9      | Killed a two-headed ogre
 10047 | D:9      | Noticed a death yak
 10057 | D:9      | Killed a death yak
 10058 | D:9      | Reached XP level 11. HP: 56/56 MP: 12/12
 10159 | D:9      | Found a staircase to the Lair.
 10178 | D:9      | Reached skill level 8 in Long Blades
 10451 | Lair:1   | Entered Level 1 of the Lair of Beasts
 10477 | D:10     | Reached skill level 6 in Shields
 10636 | D:10     | Found a glowing golden altar of the Shining One.
 10675 | D:10     | Received a gift from Trog
 10815 | D:10     | Found a runed translucent door.
 10817 | D:10     | Noticed a two-headed ogre
 11014 | D:10     | Found a staircase to the Orcish Mines.
 11407 | D:10     | Reached skill level 9 in Long Blades
 11407 | D:10     | Reached skill level 7 in Shields
 11693 | D:11     | Noticed a two-headed ogre
 11724 | D:11     | Killed a two-headed ogre
 11862 | D:11     | Noticed a two-headed ogre
 11872 | D:11     | Killed a two-headed ogre
 11873 | D:11     | Reached skill level 10 in Long Blades
 12191 | D:12     | Found a flagged portal.
 12203 | D:12     | Reached XP level 12. HP: 61/61 MP: 13/13
 12251 | Bailey   | Entered a bailey
 12273 | Bailey   | HP: 1/61 [orc knight (34)]
 12607 | D:11     | Found an ornate altar of the Wu Jian Council.
 12659 | D:11     | You pick up a book of Misfortune {forbidden} and begin
                  | reading...
 12659 | D:11     | You add the spells Confusing Touch, Gell's Gravitas,
                  | Petrify, Metabolic Englaciation and Yara's Violent
                  | Unravelling to your library.
 13050 | D:13     | Noticed a boulder beetle
 13113 | D:12     | Reached skill level 11 in Long Blades
 13153 | D:12     | Noticed a two-headed ogre
 13179 | D:12     | Killed a two-headed ogre
 13288 | D:12     | Received a gift from Trog
 13361 | D:12     | Noticed a two-headed ogre
 13365 | D:12     | Noticed a boulder beetle
 13505 | D:12     | Reached skill level 12 in Long Blades
 13547 | D:11     | Killed a two-headed ogre
 13671 | D:12     | Killed a boulder beetle
 13698 | D:12     | Noticed a six-headed hydra
 13828 | D:12     | Killed a two-headed hydra
 14265 | D:13     | Noticed a centaur warrior
 14276 | D:13     | Killed a centaur warrior
 14448 | Lair:1   | Reached skill level 13 in Long Blades
 14522 | Lair:1   | Noticed a four-headed hydra
 14528 | Lair:1   | Killed a one-headed hydra
 14695 | Lair:1   | Reached XP level 13. HP: 62/65 MP: 14/14
 14803 | Lair:1   | You fall into a shaft and drop 1 floor!
 15148 | Lair:2   | Found a staircase to the Snake Pit.
 15605 | Lair:2   | Reached skill level 14 in Long Blades
 15986 | Lair:2   | Received a gift from Trog
 15994 | Lair:2   | Reached skill level 1 in Armour
 16088 | Lair:3   | Noticed Rupert
 16097 | Lair:3   | Killed Rupert
 16228 | Lair:4   | Reached skill level 2 in Armour
 16330 | Lair:2   | Noticed Maggie
 16341 | Lair:2   | Killed Maggie
 16516 | Lair:2   | You add the spells Sting, Poisonous Vapours, Mephitic
                  | Cloud, Ignite Poison and Olgreb's Toxic Radiance to your
                  | library.
 17149 | Lair:3   | Found a staircase to the Swamp.
 17167 | Lair:3   | HP: 15/66 [bog body (25)]
 17341 | Lair:3   | Reached skill level 7 in Fighting
 17341 | Lair:3   | Reached skill level 3 in Armour
 17758 | Lair:4   | You pick up a book of Unlife {forbidden} and begin
                  | reading...
 17758 | Lair:4   | You add the spells Animate Dead, Borgnjor's Vile Clutch,
                  | Death Channel and Simulacrum to your library.
 17816 | Lair:4   | Reached skill level 15 in Dodging
 17912 | Lair:4   | Identified the +1 robe of Qiopsol {rF++ Int+2}
 18663 | Lair:4   | Identified the +4 scale mail "Gaunnice" {Rampage rN+}
 18713 | Lair:4   | magus.rc [v1.9.6]
 18874 | Lair:5   | Reached XP level 14. HP: 72/72 MP: 15/15
 18884 | Lair:5   | Reached ****** piety under Trog
 18947 | Lair:5   | Reached skill level 4 in Armour
 19000 | Lair:5   | Received a gift from Trog
 19115 | Lair:6   | Entered Level 6 of the Lair of Beasts
 19216 | Lair:5   | You pick up a book of Transfigurations {forbidden@e2} and
                  | begin reading...
 19216 | Lair:5   | You add the spells Irradiate, Blade Hands, Statue Form,
                  | Storm Form and Dragon Form to your library.
 19455 | Lair:5   | Found a viscous altar of Jiyva.
 19455 | Lair:5   | Found a staircase to the Slime Pits.
 19662 | Lair:6   | Noticed Snorg
 19673 | Lair:6   | Killed Snorg
 19755 | Lair:5   | Reached skill level 8 in Fighting
 19837 | Lair:6   | Noticed Nessos
 19842 | Lair:6   | Killed Nessos
 19971 | Lair:6   | Reached skill level 5 in Armour
 20033 | Lair:6   | Reached skill level 16 in Dodging
 20388 | Lair:6   | Identified the +2 mace of Governance {vorpal, rC+ Str+4}
 20580 | Lair:6   | Received a gift from Trog
 20650 | Lair:6   | Reached skill level 9 in Fighting
 20845 | Lair:6   | Reached skill level 6 in Armour
 21047 | Lair:6   | Found a runed translucent door.
 21933 | D:12     | Reached XP level 15. HP: 79/79 MP: 16/16
 21934 | D:12     | Reached skill level 17 in Dodging
 22256 | D:13     | Noticed Kirke
 22295 | D:13     | Killed Kirke
 22650 | D:13     | Reached skill level 7 in Armour
 22674 | D:13     | Found Soajud's Book Shop.
 22785 | D:13     | Received a gift from Trog
 23062 | D:13     | Reached skill level 10 in Fighting
 23706 | D:13     | You pick up a book of Transfigurations {forbidden@e2} and
                  | begin reading...
 23752 | D:13     | Found a gate to the Vaults.
 24162 | D:15     | Entered Level 15 of the Dungeon
 24383 | D:14     | Found a stormy altar of Qazlal.
 24453 | D:14     | Noticed Louise
 24457 | D:14     | You are cast into the Abyss!
 24457 | D:14     | Cast into level 3 of the Abyss (Louise)
 24467 | Abyss:3  | Noticed a tentacled starspawn
 24478 | D:14     | You pass through the gate.
 24478 | D:14     | Escaped the Abyss
 24500 | D:14     | Killed Louise
 25040 | D:14     | Reached skill level 18 in Dodging
 25101 | D:15     | Found a white marble altar of Elyvilon.
 25383 | Orc:1    | Entered Level 1 of the Orcish Mines
 25675 | Orc:2    | Entered Level 2 of the Orcish Mines
 25683 | Orc:2    | Found Xil Qyty's Jewellery Boutique.
 25751 | Orc:2    | Paralysed by an orc sorcerer for 3 turns
 26010 | Orc:2    | Reached skill level 8 in Armour
 26049 | Orc:2    | Noticed an orc warlord
 26077 | Orc:1    | Killed an orc warlord
 26203 | Orc:2    | Received a gift from Trog
 26689 | Orc:2    | Found Muxymm's Antique Weapon Shop.
 26701 | Orc:2    | Found Ceurph's General Store.
 26753 | Orc:2    | Noticed Azrael
 26763 | Orc:2    | Killed Azrael
 26802 | Orc:2    | Found a staircase to the Elven Halls.
 26839 | Orc:2    | Found Xetabich's Jewellery Shop.
 27062 | Orc:2    | Bought a scroll of blinking for 97 gold pieces
 27087 | Orc:2    | Found Siraag's Antique Armour Shop.
 27094 | Orc:2    | Bought a glowing cloak for 172 gold pieces
 27304 | Orc:2    | Noticed Donald
 27333 | Orc:2    | HP: 19/81 [poisoned by Donald]
 27337 | Orc:2    | HP: 9/81 [poisoned by Donald]
 27341 | Orc:2    | Mangled by Donald

Vanquished Creatures
  Rupert (Lair:3)
  Kirke (D:13)
  Louise (D:14)
  An orc warlord (Orc:1)
  Nessos (Lair:6)
  A dire elephant (Lair:6)
  An ettin (D:13)
  Snorg (Lair:6)
  A fire dragon (D:13)
  3 boulder beetles
  3 catoblepae
  7 hydras
  7 two-headed ogres
  Erica (D:8)
  A death knight (D:13)
  A centaur warrior (D:13)
  4 death yaks
  3 orc high priests
  A shadow wraith (D:13)
  5 skeletal warriors
  2 bog bodies (Lair:3)
  A wizard (D:15)
  3 orc knights (Orc:2)
  A deep elf zephyrmancer (D:13)
  A deep elf pyromancer (D:12)
  4 lindwurms
  Pikel (D:6)
  A phantasmal warrior (D:13)
  An oklob plant (Lair:2)
  3 orc sorcerers (Orc:2)
  15 ugly things
  4 cyclopes
  4 manticores
  10 slime creatures
  9 elephants
  Maurice (D:9)
  7 black mambas
  7 torpor snails
  An ice statue (D:13)
  5 gargoyles
  13 cane toads
  4 rime drakes
  Maggie (Lair:2)
  An efreet (D:13)
  9 komodo dragons
  A kobold demonologist (D:11)
  2 freezing wraiths
  2 tengu conjurers (D:12)
  A polar bear (Lair:1)
  6 trolls
  3 meliai
  A hornet (shapeshifter) (D:13)
  6 hornets (Lair:6)
  33 blink frogs
  3 tyrant leeches (Lair:6)
  3 dream sheep (Lair:6)
  A centaur simulacrum (D:15)
  2 shadows
  32 yaks
  A fire elemental (Orc:2)
  3 wraiths
  10 wyverns
  3 basilisks
  Grum (D:9)
  3 hogs (D:13)
  11 vampire mosquitoes
  3 steam dragons
  A warg (Orc:2)
  4 nagas (Lair:2)
  3 acid dragons
  18 water moccasins
  A hell hound (Orc:2)
  32 orc warriors
  An ice beast (D:7)
  2 sky beasts
  3 black bears
  A necrophage (D:5)
  5 ogres
  5 boggarts (D:14)
  23 wolves
  3 centaurs
  4 kobold brigands
  4 lemures (D:6)
  24 bullfrogs
  A water moccasin zombie (D:6)
  4 scorpions
  10 killer bees
  3 water moccasin skeletons (D:5)
  4 howler monkeys
  7 wights
  A vampire bat (D:9)
  3 electric eels (Lair:3)
  3 centaur zombies
  3 hounds
  4 jellies
  2 gnoll shamans
  11 orc priests
  2 bullfrog skeletons
  Terence (D:2)
  Ijyb (D:4)
  2 iguanas (D:6)
  22 orc wizards
  Robin (D:2)
  3 howler monkey zombies
  19 gnolls
  5 adders
  An ufetubus (D:3)
  4 worms
  6 dart slugs
  83 orcs
  14 bats
  An endoplasm (D:2)
  3 giant cockroaches (D:2)
  17 goblins
  10 hobgoblins
  5 jackals (D:2)
  28 kobolds
  5 quokkas
  6 ball pythons
  3 frilled lizards
  2 rats (D:2)
719 creatures vanquished.

Vanquished Creatures (collateral kills)
  Azrael (Orc:2)
  2 fire elementals (Orc:2)
  A warg (Orc:2)
  An ogre (Orc:2)
5 creatures vanquished.

Vanquished Creatures (others)
  A human (D:13)
  A kobold brigand (D:11)
  An orc (Orc:2)
  10 fungi
  24 plants
  2 starspawn tentacles (Abyss:3)
39 creatures vanquished.

Grand Total: 763 creatures vanquished

Table legend:
 A = Non-vault XP
 B = Vault XP
 C = Vault XP percentage of total XP
 D = Non-vault monster count
 E = Vault monster count
 F = Vault count percentage of total count
                 A         B        C        D         E       F
            +---------+---------+-------+---------+---------+-------
      Total |   82490 |   68721 |  45.4 |     485 |     236 |  32.7
            +---------+---------+-------+---------+---------+-------
        D:1 |      30 |       3 |   9.1 |      17 |       2 |  10.5
        D:2 |      80 |      74 |  48.1 |      26 |      13 |  33.3
        D:3 |     137 |      53 |  27.9 |      20 |       5 |  20.0
        D:4 |     268 |     262 |  49.4 |      12 |       9 |  42.9
        D:5 |     538 |     342 |  38.9 |      14 |      24 |  63.2
        D:6 |     939 |     593 |  38.7 |      24 |       1 |   4.0
        D:7 |    1385 |     133 |   8.8 |      30 |       1 |   3.2
        D:8 |     891 |     918 |  50.7 |      16 |       1 |   5.9
        D:9 |    2616 |    2638 |  50.2 |      25 |      15 |  37.5
       D:10 |    5496 |      15 |   0.3 |      28 |       5 |  15.2
       D:11 |    4291 |    1986 |  31.6 |      20 |       3 |  13.0
       D:12 |    7136 |    7788 |  52.2 |      25 |      20 |  44.4
       D:13 |   11078 |    9859 |  47.1 |      17 |      18 |  51.4
       D:14 |    6550 |    1724 |  20.8 |      19 |       1 |   5.0
       D:15 |    2281 |       0 |   0.0 |       6 |       0 |   0.0
     Lair:1 |    5148 |       0 |   0.0 |      16 |       0 |   0.0
     Lair:2 |    3898 |    4285 |  52.4 |      22 |      18 |  45.0
     Lair:3 |    2477 |    4145 |  62.6 |      10 |       3 |  23.1
     Lair:4 |    5400 |    2349 |  30.3 |      25 |       9 |  26.5
     Lair:5 |    8324 |       0 |   0.0 |      34 |       0 |   0.0
     Lair:6 |    8500 |   21044 |  71.2 |      34 |      42 |  55.3
      Orc:1 |    1385 |    2951 |  68.1 |       9 |       5 |  35.7
      Orc:2 |    3642 |    7167 |  66.3 |      36 |      38 |  51.4
     Bailey |       0 |     392 | 100.0 |       0 |       3 | 100.0
            +---------+---------+-------+---------+---------+-------

Illustrated notes

Table legend:
 A = Kills in this place as a percentage of kills in entire the game.
 B = Kills by you in this place as a percentage of kills by you in the entire game.
 C = Kills by friends in this place as a percentage of kills by friends in the entire game.
 D = Other kills in this place as a percentage of other kills in the entire game.
 E = Experience gained in this place as a percentage of experience gained in the entire game.
 F = Experience gained in this place divided by the number of levels of this place that you have seen.
                   A       B       C       D       E      F
               +-------+-------+-------+-------+-------+----------------------
         Total | 100.0 | 100.0 | 100.0 | 100.0 | 100.0 | 6048.4
       Dungeon |  57.8 |  58.2 |   0.0 | 100.0 |  46.4 | 4673.6
          Lair |  29.5 |  29.8 |   0.0 |   0.0 |  43.4 | 10928.3
  Orcish Mines |  12.2 |  11.6 | 100.0 |   0.0 |  10.0 | 7572.5
        Bailey |   0.4 |   0.4 |   0.0 |   0.0 |   0.3 | 392.0
               +-------+-------+-------+-------+-------+----------------------

Table legend: (Time is in decaauts)
 A = Elapsed time spent in this place.
 B = Non-inter-level travel time spent in this place.
 C = Inter-level travel time spent in this place.
 D = Time resting spent in this place.
 E = Time spent auto-exploring this place.
 F = Levels seen in this place.
 G = Mean time per level.
                   A        B        C        D        E       F      G
               +--------+--------+--------+--------+--------+-----+--------+
         Total |  21561 |  20439 |   1122 |   5358 |   9250 |  25 |  862.4 |
       Dungeon |  14587 |  13739 |    848 |   4014 |   5836 |  15 |  972.5 |
          Lair |   5289 |   5022 |    267 |    835 |   2844 |   6 |  881.5 |
  Orcish Mines |   1649 |   1643 |      6 |    508 |    569 |   2 |  824.5 |
         Abyss |     14 |     14 |      0 |      0 |      0 |   1 |   14.0 |
        Bailey |     20 |     20 |      0 |      0 |      0 |   1 |   20.0 |
               +--------+--------+--------+--------+--------+-----+--------+

Top non-repeatable levels by time:
  Lair:6: 1446 daAuts
     D:1: 1438 daAuts
    D:12: 1436 daAuts
    D:13: 1312 daAuts
     D:2: 1178 daAuts
    D:11: 1132 daAuts
   Orc:2: 1115 daAuts
     D:7: 1106 daAuts
    D:10: 1058 daAuts
     D:9: 1057 daAuts
     D:6: 1005 daAuts
    D:14: 949 daAuts
  Lair:2: 873 daAuts
     D:4: 827 daAuts
  Lair:4: 826 daAuts
